 Dungeon Crawl Stone Soup version 0.27.1-34-g3ba077fa99 (webtiles) character file.

Game seed: 11363707091819614771

461 Hortimo the Insei (level 7, -3/43 HPs)
             Began as an Octopode Transmuter on Jan 17, 2022.
             Was a Believer of Qazlal.
             Slain by a wyvern skeleton (5 damage)
             ... on level 5 of the Dungeon.
             The game lasted 00:13:44 (4011 turns).

Hortimo the Insei (Octopode Transmuter)             Turns: 4011, Time: 00:13:45

Health: -3/43      AC:  1    Str:  9    XL:     7   Next: 7%
Magic:  0/10       EV: 13    Int: 17    God:    Qazlal [**....]
Gold:   195        SH:  7    Dex: 13    Spells: 4/10 levels left

rFire    . . .     SeeInvis .     - Unarmed
rCold    . . .     Faith    .   i - +0 buckler
rNeg     . . .     Spirit   .   (helmet restricted)
rPois    +         Reflect  .   (no amulet)
rElec    .         Harm     .   g - ring of poison resistance
rCorr    .         Rampage  .   (no ring)
Will     .....                  (no ring)
Stlth    ++........             (no ring)
HPRegen  0.14/turn              (no ring)
MPRegen  0.12/turn              (no ring)
                                (no ring)
                                (no ring)

@: marked
A: almost no armour, amphibious, 8 rings, camouflage 1, gelatinous body 1,
(nimble swimmer 1), tentacles
a: Renounce Religion, Upheaval


You were on level 5 of the Dungeon.
You worshipped Qazlal.
Qazlal was pleased with you.
You visited 1 branch of the dungeon, and saw 5 of its levels.

You collected 195 gold pieces.

Inventory:

Missiles
 c - 4 boomerangs of dispersal
Armour
 i - a +0 buckler (worn)
Jewellery
 g - a ring of poison resistance (left tentacle)
Wands
 j - a wand of mindburst (5) (quivered)
Scrolls
 a - 3 scrolls of noise
 b - a scroll of silence {unknown}
 d - 2 scrolls of identify
 h - 2 scrolls of amnesia {unknown}
 k - 3 scrolls of teleportation {unknown}
 n - a scroll of magic mapping {unknown}
 p - a scroll of fear {unknown}
 r - a scroll of enchant weapon {unknown}
Potions
 e - a potion of flight {unknown}
 l - a potion of curing
 m - a potion of lignification {unknown}
 o - a potion of attraction {unknown}
 q - a potion of ambrosia {unknown}


   Skills:
 - Level 1.0 Fighting
 - Level 2.1 Dodging
 + Level 3.5 Shields
 + Level 5.4 Unarmed Combat
 - Level 2.0 Spellcasting
 - Level 3.3 Transmutations
 - Level 2.6 Invocations


You had 4 spell levels left.
You knew the following spells:

 Your Spells              Type           Power      Damage    Failure   Level
a - Beastly Appendage     Tmut           24%        N/A       5%          1
b - Wereblood             Tmut           12%        N/A       8%          2
c - Spider Form           Tmut/Pois      3%         N/A       30%         3

Your spell library contained the following spells:

 Spells                   Type           Power      Damage    Failure   Level
 Sublimation of Blood     Necr           0%         N/A       30%         2
 Ice Form                 Ice/Tmut       7%         N/A       71%         4
 Petrify                  Tmut/Erth      7%         N/A       71%         4
 Irradiate                Conj/Tmut      3%         3d14      96%         5


Dungeon Overview and Level Annotations

Branches:
Dungeon (5/15)
 Temple: D:4-7

Altars:
Qazlal


Innate Abilities, Weirdness & Mutations

You cannot wear most types of armour.
You are amphibious.
You can wear up to eight rings at the same time.
Your skin changes colour to match your surroundings (Stealth+).
Your rubbery body absorbs attacks. (AC +1, EV +1)
((You are camouflaged near water. (Stealth+)))
You have tentacles for arms and can constrict up to eight enemies at once.


Message History

It is a scroll of identify.
a - 3 scrolls of noise The wyvern skeleton bites you. x2
Okay, then.
Unknown command.
Okay, then.
Unknown command.
Aiming: Upheaval
Press: ? - help, Dir - move target, f - water moccasin
Aim: a water moccasin A storm cloud blasts the area with cutting wind!
The cutting wind hits the water moccasin!!
The water moccasin is almost dead.
The water moccasin is struck by lightning.
You kill the water moccasin!
Qazlal accepts your kill. The wyvern skeleton bites you!
You have reached level 7!
Okay, then.
Unknown command.
It was a potion of curing.
You feel better. You block the wyvern skeleton's attack.
An ogre comes into view. It is wielding a +0 giant club.
You tentacle-slap the adder. You grab the adder. You squeeze the adder.
The adder is heavily wounded.
You constrict the adder. You block the wyvern skeleton's attack.
You block the adder's attack.
A bullfrog skeleton comes into view.
The wyvern skeleton bites you!
* * * LOW HITPOINT WARNING * * *
You release your grip on the adder.
Your primal bloodlust has ended.
Okay, then.
Unknown command.
As you read the scroll labelled VARURO DEOTWYERA, it crumbles to dust.
The creatures around you are filled with an inner flame!
It was a scroll of immolation.
The adder bites you.
* * * LOW HITPOINT WARNING * * *
The wyvern skeleton bites you.
You die...

#....#.##........# #
#....#....(......#
#.###....####.(......#
#.#......†.........#.#
.........#######.#.#.# #.#
#####.#....# #...#.# #.#
......##..## #####.# #.#
#......##.############)# #.#
........†.S@...........# #.#
........†..Z...Z.....>####.#
#......##..#######.........#
#...... ##.# #.#........
#...... #..# #.#.....###
....... ##.# #.#..##.#..
....... .# #.#.....#..
....... O. #.######### ..
... .....


You could see an adder (inner flame), a bullfrog skeleton (inner flame) and a
wyvern skeleton (inner flame).

Vanquished Creatures
  A water moccasin (D:5)
  An ogre (D:5)
  A scorpion (D:5)
  A bullfrog zombie (D:5)
  A centaur skeleton (D:4)
  Crazy Yiuf (D:4)
  An iguana (D:4)
  2 adders (D:2)
  A white imp (D:5)
  2 worms (D:2)
  2 dart slugs
  6 ball pythons (D:1)
  5 endoplasms
  4 giant cockroaches
  12 goblins
  5 hobgoblins
  3 jackals (D:2)
  2 quokkas
  7 bats
  4 frilled lizards
  5 kobolds
  5 rats
72 creatures vanquished.

Notes
Turn   | Place    | Note
-------+----------+-------------------------------------------
     0 | D:1      | Hortimo the Octopode Transmuter began the quest for the
                  | Orb.
     0 | D:1      | Reached XP level 1. HP: 13/13 MP: 3/3
   202 | D:1      | Reached XP level 2. HP: 13/18 MP: 5/5
   288 | D:1      | Learned a level 2 spell: Wereblood
   571 | D:1      | Found a faded altar of an unknown god.
   590 | D:1      | Became a worshipper of Qazlal Stormbringer
   590 | D:1      | Reached * piety under Qazlal
  1004 | D:2      | Reached XP level 3. HP: 23/23 MP: 6/6
  1368 | D:2      | Learned a level 3 spell: Spider Form
  1643 | D:2      | Reached XP level 4. HP: 28/28 MP: 5/7
  2048 | D:3      | Reached skill level 4 in Unarmed Combat
  2118 | D:3      | Reached ** piety under Qazlal
  2908 | D:4      | Reached skill level 1 in Shields
  2908 | D:4      | Reached skill level 1 in Invocations
  2908 | D:4      | Reached XP level 5. HP: 27/33 MP: 5/8
  3066 | D:4      | Found a runed translucent door.
  3067 | D:4      | Noticed Crazy Yiuf
  3650 | D:4      | Killed Crazy Yiuf
  3706 | D:5      | Entered Level 5 of the Dungeon
  3788 | D:5      | Noticed an ogre
  3801 | D:5      | Killed an ogre
  3802 | D:5      | Reached XP level 6. HP: 18/38 MP: 2/9
  3999 | D:5      | Reached skill level 5 in Unarmed Combat
  4003 | D:5      | Noticed a water moccasin
  4007 | D:5      | Killed a water moccasin
  4008 | D:5      | Reached XP level 7. HP: 16/43 MP: 0/10
  4011 | D:5      | HP: 2/43 [adder (5)]
  4011 | D:5      | Slain by a wyvern skeleton

Illustrated notes

Levels and vault maps discovered:
D:1:      psy_arrival_statuary, layout_basic,
          hellmonk_ecumenical_altar_arch_garden, serial_bayou_crossing
D:2:      minmay_spotlight, layout_basic
D:3:      kennysheep_the_goblin_king, layout_basic, serial_bayou_lake_a
D:4:      layout_loops_ring, uniq_crazy_yiuf_cottage
D:5:      layout_basic, mainiacjoe_overflow_catwalk_spiral

Skill      XL: |  1  2  3  4  5  6 |
---------------+-------------------+-----
Transmutations | 3 |  3.3
Unarmed Combat | 4 5 |  5.4
Shields        | 1 2 3 |  3.5
Invocations    | 1 2 |  2.6
Fighting       | |  1.0
Dodging        | |  2.1
Spellcasting   | |  2.0

Action                   |  1- 3 |  4- 6 |  7- 9 || total
-------------------------+-------+-------+-------++-------
Melee: Unarmed           |    71 |    83 |     1 ||   155
       Constrict         |    21 |    19 |     1 ||    41
       Tentacles         |    10 |     8 |     1 ||    19
       Kick              |    14 |    14 |       ||    28
       Punch             |     1 |     1 |       ||     2
 Cast: Beastly Appendage |    16 |    14 |       ||    30
       Wereblood         |     2 |    10 |       ||    12
Invok: Upheaval          |       |     3 |       ||     3
Evoke: Wand              |       |     2 |       ||     2
  Use: Scroll            |       |     1 |     1 ||     2
       Potion            |       |       |     1 ||     1
 Stab: Sleeping          |     1 |       |       ||     1
Armor: Skin              |     3 |     7 |       ||    10
Dodge: Dodged            |    34 |    34 |       ||    68
Block: Buckler           |     2 |    18 |     3 ||    23
